 Dungeon Crawl Stone Soup version 0.30.0-29-ga12c61a403 (webtiles) character file.

Game seed: 3822139455746448789

124 qw the Chopper (level 5, 0/32 HPs)
             Began as a Gargoyle Fighter on June 5, 2023.
             Slain by Natasha (4 damage)
             ... on level 3 of the Dungeon.
             The game lasted 00:00:56 (1882 turns).

qw the Chopper (Gargoyle Fighter)                   Turns: 1882, Time: 00:00:57

Health: 0/32       AC: 12    Str: 21    XL:     5   Next: 8%
Magic:  5/5        EV:  9    Int:  9    God:
Gold:   143        SH:  4    Dex:  9    Spells: 4/4 levels left

rFire   . . .        Y - +0 war axe
rCold   . . .        c - +0 buckler
rNeg    + . .        b - +0 scale mail
rPois   inf          (no helmet)
rElec   +            (no cloak)
rCorr   .            (no gloves)
SInv    .            j - +0 pair of boots
Will    .....        (no amulet) Stlth
                     (no ring)
HPRegen 0.25/turn    (no ring)
MPRegen 0.09/turn

%: no passive effects
@: no status effects
A: sickness immunity, AC +4, negative energy resistance 1, electricity
resistance, torment resistance 1, petrification resistance
a: no special abilities


You were on level 3 of the Dungeon.
You visited 1 branch of the dungeon, and saw 3 of its levels.

You collected 143 gold pieces.


Innate Abilities, Weirdness & Mutations

You are immune to sickness and miasma.
Your stone body is resilient. (AC +4)
You are immune to poison.
You resist negative energy. (rN+)
You are resistant to electric shocks. (rElec)
You are resistant to unholy torment.
You are immune to petrification.


   Skills:
 - Level 3.2 Fighting
 + Level 4.4 Axes
 - Level 1.0 Throwing
 - Level 3.2 Armour
 - Level 3.2 Shields


You had 4 spell levels left.
You didn't know any spells.
Your spell library was empty.

Inventory:

Hand Weapons
 a - a +0 flail
 Y - a +0 war axe (weapon)
Armour
 b - a +0 scale mail (worn)
 c - a +0 buckler (worn)
 j - a +0 pair of boots (worn)
Scrolls
 f - a scroll of butterflies {unknown}
 l - a scroll of identify
Potions
 d - 2 potions of might
 e - a potion of curing
 g - a potion of cancellation {unknown}
 i - a potion of haste {unknown}
 k - a potion of attraction {unknown}

Dungeon Overview and Level Annotations

Branches:
Dungeon (3/15)

Altars:
Kikubaaqudgha

Annotations:
D:3 exclusion: 5 frilled lizards, Natasha


Message History

You closely miss the gnoll.
The gnoll is almost dead.
You hit Natasha. You barely miss the gnoll.
Natasha claws you but does no damage. The gnoll closely misses you.
The gnoll hits you but does no damage.
Natasha mumbles some strange words.
You closely miss the gnoll.
The gnoll is almost dead.
You slash Natasha! You slash the gnoll! The gnoll hits you with a +0 spear.
You block the gnoll's attack. Natasha barely misses you.
The cerulean imp hits you from afar with a +0 spear.
The gnoll hits you but does no damage. The gnoll closely misses you.
You closely miss the gnoll.
The gnoll is almost dead.
You slash the gnoll!
You kill the gnoll!
You closely miss Natasha. You block Natasha's attack.
The cerulean imp hits you but does no damage.
The gnoll hits you with a +0 spear.
You have reached level 5!
You barely miss the gnoll.
The gnoll is almost dead.
You closely miss Natasha. Natasha claws you.
The cerulean imp hits you but does no damage.
The gnoll hits you but does no damage.
You barely miss the gnoll.
The gnoll is almost dead.
You barely miss Natasha. Natasha claws you.
The cerulean imp hits you but does no damage.
The gnoll barely misses you. Natasha claws you.
The cerulean imp hits you but does no damage.
You hit the gnoll but do no damage.
The gnoll is almost dead.
You hit Natasha. You block the gnoll's attack. Natasha claws you.
You die...

#########
#.......#
#.......###
#<........
#..).g).#
#.....@.#
#....h.>+
##...5...#######
./..............
.......%)######
...#####.# ...
#.# .. #.######
#......#


You could see Natasha, a gnoll and a cerulean imp (summoned).

Vanquished Creatures
  Natasha (D:3)
  3 gnolls (D:3)
  An adder (D:2)
  2 worms
  4 orcs (D:3)
  3 ball pythons
  6 endoplasms
  A giant cockroach (D:2)
  4 goblins
  3 hobgoblins
  5 jackals
  2 quokkas
  4 bats
  5 frilled lizards
  4 kobolds
  3 rats
51 creatures vanquished.

Notes
Turn   | Place    | Note
-------+----------+-------------------------------------------
     0 | D:1      | qw the Gargoyle Fighter began the quest for the Orb.
     0 | D:1      | Reached XP level 1. HP: 14/14 MP: 1/1
     0 | D:1      | 0 ||| qw: Version: 0.2-a-108-gee2c290
     0 | D:1      | 0 ||| qw: Game counter: 1383
     0 | D:1      | 0 ||| qw: Always use a shield: true
     0 | D:1      | 0 ||| qw: God list: Okawaru
     0 | D:1      | 0 ||| qw: Allow faded altars: false
     0 | D:1      | 0 ||| qw: Do Orc after D:15 true
     0 | D:1      | 0 ||| qw: Do second Lair branch before Depths: true
     0 | D:1      | 0 ||| qw: Lair rune preference: random
     0 | D:1      | 0 ||| qw: Plans: Normal, Zot:1-4, Slime:5, God:TSO, Crypt,
                  | Tomb, Abyss, Pan, Hells, Win
     0 | D:1      | 0 ||| PLANNING D:1-11
    70 | D:1      | Reached skill level 2 in Axes
    90 | D:1      | 90 ||| Stepping ~*~*~tactically~*~*~ (hiding).
   219 | D:1      | 219 ||| Stepping ~*~*~tactically~*~*~ (stealth).
   231 | D:1      | Reached XP level 2. HP: 19/19 MP: 2/2
   291 | D:1      | 291 ||| FLEEEEING.
   292 | D:1      | 292 ||| FLEEEEING.
   293 | D:1      | 293 ||| FLEEEEING.
   294 | D:1      | 294 ||| FLEEEEING.
   295 | D:1      | 295 ||| FLEEEEING.
   296 | D:1      | 296 ||| FLEEEEING.
   297 | D:1      | 297 ||| FLEEEEING.
   298 | D:1      | 298 ||| FLEEEEING.
   299 | D:1      | 299 ||| FLEEEEING.
   556 | D:1      | 556 ||| Stepping ~*~*~tactically~*~*~ (stealth).
   636 | D:1      | Reached skill level 3 in Axes
   636 | D:1      | Reached XP level 3. HP: 23/23 MP: 3/3
   661 | D:1      | 661 ||| READING 4 scrolls labelled PEDOS SOAM.
   662 | D:1      | 662 ||| READING scroll labelled ROWOXKO JYGGIS.
   663 | D:1      | 663 ||| READING scroll labelled RUIGGU BYKURGHA.
   668 | D:1      | 668 ||| DROPPING 3 scrolls of fear.
  1005 | D:2      | 1005 ||| Stepping ~*~*~tactically~*~*~ (hiding).
  1114 | D:2      | 1114 ||| DROPPING +0 club.
  1166 | D:2      | Reached skill level 1 in Throwing
  1550 | D:2      | 1550 ||| UPGRADING to +0 pair of boots.
  1555 | D:2      | 1555 ||| READING scroll labelled YWAIDEICET.
  1556 | D:2      | 1556 ||| READING scroll labelled LYEJOI GI TYER.
  1639 | D:3      | 1639 ||| Stepping ~*~*~tactically~*~*~ (stealth).
  1647 | D:3      | Reached XP level 4. HP: 28/28 MP: 4/4
  1650 | D:3      | 1650 ||| DROPPING +0 whip.
  1672 | D:3      | 1672 ||| Stepping ~*~*~tactically~*~*~ (stealth).
  1676 | D:3      | 1676 ||| Stepping ~*~*~tactically~*~*~ (stealth).
  1677 | D:3      | 1677 ||| Stepping ~*~*~tactically~*~*~ (stealth).
  1677 | D:3      | Found an ancient bone altar of Kikubaaqudgha.
  1787 | D:3      | 1787 ||| Stepping ~*~*~tactically~*~*~ (hiding).
  1789 | D:3      | 1789 ||| Stepping ~*~*~tactically~*~*~ (hiding).
  1790 | D:3      | 1790 ||| Stepping ~*~*~tactically~*~*~ (hiding).
  1794 | D:3      | Noticed Natasha
  1806 | D:3      | Killed Natasha
  1807 | D:3      | Reached skill level 4 in Axes
  1871 | D:3      | Noticed Natasha
  1880 | D:3      | Reached XP level 5. HP: 11/32 MP: 5/5
  1880 | D:3      | HP: 8/32 [Natasha (3)]
  1881 | D:3      | HP: 3/32 [Natasha (1)]
  1882 | D:3      | Slain by Natasha

Levels and vault maps discovered:
D:1:      dpeg_arrival_rhombi, layout_rooms, hex_large, hex_medium,
          nicolae_wormholes
D:2:      layout_loops_ring, serial_bayou_pond_c
D:3:      layout_basic, mainiacjoe_overflow_concentric_impassable, serial_shops,
          nicolae_shop_statue_plus, uniq_natasha

Skill      XL: |  1  2  3  4 |
---------------+-------------+-----
Axes           | 2 3 4 |  4.4
Throwing       | 1 |  1.0
Fighting       | |  3.2
Armour         | |  3.2
Shields        | |  3.2

Action                     |  1- 3 |  4- 6 || total
---------------------------+-------+-------++-------
  Melee: War axe           |    91 |    33 ||   124
  Throw: Javelin           |    37 |     4 ||    41
    Use: Scroll            |     5 |       ||     5
 Armour: Scale mail        |    53 |    30 ||    83
  Dodge: Dodged            |    39 |    15 ||    54
  Block: Buckler           |    20 |    11 ||    31

Table legend:
 A = Non-vault XP
 B = Vault XP
 C = Vault XP percentage of total XP
 D = Non-vault monster count
 E = Vault monster count
 F = Vault count percentage of total count
                 A         B        C        D         E       F
            +---------+---------+-------+---------+---------+-------
      Total |     137 |      41 |  23.0 |      49 |       2 |   3.9
            +---------+---------+-------+---------+---------+-------
        D:1 |      29 |       5 |  14.7 |      19 |       1 |   5.0
        D:2 |      44 |       0 |   0.0 |      18 |       0 |   0.0
        D:3 |      64 |      36 |  36.0 |      12 |       1 |   7.7
            +---------+---------+-------+---------+---------+-------
